 Dungeon Crawl Stone Soup version 0.22-a0-197-g4ac3794 (webtiles) character file.

91 Atlas the Magician (level 4, -2/32 HPs)
             Began as a Mummy Wizard on Feb 17, 2018.
             Slain by an adder (5 damage)
             ... on level 3 of the Dungeon.
             The game lasted 00:02:52 (2537 turns).

Atlas the Magician (Mummy Wizard)                   Turns: 2537, Time: 00:02:53

Health: -2/32      AC:  3    Str: 10    XL:     4   Next: 33%
Magic:  5/11       EV: 11    Int: 18    God:
Gold:   170        SH:  0    Dex: 10    Spells: 12/13 levels left

rFire    x x .     SeeInvis .   i - +0 mace (protect)
rCold    + + .     Gourm    .   (no shield)
rNeg     + + +     Faith    .   h - +0 leather armour (curse)
rPois    ∞         Spirit   .   b - +0 hat
rElec    .         Reflect  .   (no cloak)
rCorr    +         Harm     .   (no gloves)
MR       .....                  (no boots)
Stlth    +.........             (no amulet)
HPRegen  0.10/turn              f - ring of resist corrosion
MPRegen  0.12/turn              k - ring of ice

@: very slightly contaminated
A: no food or potions, fire vulnerability, cold resistance 1, negative energy
resistance 3, torment resistance, unbreathing
a: no special abilities


You were on level 3 of the Dungeon.
You were not hungry.

You visited 1 branch of the dungeon, and saw 3 of its levels.

You collected 170 gold pieces.

Inventory:

Hand Weapons
 g - a +2 mace of crushing
 i - a +0 mace of protection (weapon)
Armour
 b - a +0 hat (worn)
 h - a cursed +0 leather armour (worn)
Jewellery
 f - a ring of resist corrosion (left hand)
 k - a ring of ice (right hand)
Scrolls
 a - 2 scrolls of magic mapping {unknown}
 d - 2 scrolls of identify {unknown}
 e - 2 scrolls of blinking {unknown}
 j - a scroll of noise {unknown}
Books
 c - a book of Minor Magic

   Spells                             Type                      Level
   a - Magic Dart                     Conjuration                  1
   b - Blink                          Translocation                2
   c - Call Imp                       Summoning                    2
   d - Slow                           Hexes                        2
   e - Conjure Flame                  Conjuration/Fire             3
   f - Mephitic Cloud                 Conjuration/Poison/Air       3


   Skills:
 + Level 1.0 Fighting
 + Level 1.2 Maces & Flails
 + Level 0.4 Armour
 + Level 1.8 Dodging
 + Level 1.8 Stealth
 + Level 5.0 Spellcasting
 + Level 1.3 Conjurations
   Level 0.7 Summonings
   Level 0.7 Translocations


You had 12 spell levels left.
You knew the following spells:

 Your Spells              Type           Power        Failure   Level  Hunger
a - Magic Dart            Conj           #...         11%         1    N/A

Dungeon Overview and Level Annotations

Branches:
Dungeon (3/15)

Altars:
Nemelex Xobeh


Innate Abilities, Weirdness & Mutations

You do not eat or drink.
Your flesh is vulnerable to fire.
You are immune to poison.
Your flesh is cold resistant. (rC+)
You are immune to negative energy. (rN+++)
You are immune to unholy pain and torment.
You can survive without breathing.


Message History

You are too injured to fight recklessly!
You are too injured to fight recklessly!
You are too injured to fight recklessly!
You are too injured to fight recklessly!
You closely miss the adder.
The adder is almost dead.
The adder closely misses you. The adder bites you. The hobgoblin misses you.
You closely miss the adder.
The adder is almost dead.
The adder closely misses you.
The hobgoblin hits you but does no damage.
The adder misses you.
You closely miss the adder.
The adder is almost dead.
The hobgoblin hits you.
* * * LOW HITPOINT WARNING * * *
The adder bites you.
* * * LOW HITPOINT WARNING * * *
The adder bites you.
You die...

.
#........#
.+...#....#
.#...#....#
.........#
#........#
.......
#Sg.#
###@..#
#....##
#.#### #†#
#.# #.##.##
#....<#
#####.# #..


You could see an adder and a hobgoblin.

Vanquished Creatures
  6 adders (D:2)
  A ball python (D:2)
  A bat (D:2)
  2 giant cockroaches
  2 goblins
  A hobgoblin (D:2)
  10 jackals
  4 frilled lizards
  6 kobolds (D:2)
  3 rats
36 creatures vanquished.

Notes
Turn   | Place    | Note
-------+----------+-------------------------------------------
     0 | D:1      | Atlas the Mummy Wizard began the quest for the Orb.
     0 | D:1      | Reached XP level 1. HP: 13/13 MP: 5/5
   508 | D:1      | Reached skill level 1 in Conjurations
   514 | D:1      | Reached XP level 2. HP: 12/19 MP: 7/7
  1098 | D:2      | Reached XP level 3. HP: 20/24 MP: 1/9
  1427 | D:2      | Found a sparkling altar of Nemelex Xobeh.
  1471 | D:2      | Reached skill level 1 in Maces & Flails
  1688 | D:2      | Reached skill level 5 in Spellcasting
  1800 | D:2      | Reached XP level 4. HP: 26/31 MP: 11/11
  1806 | D:2      | Reached skill level 1 in Fighting
  2537 | D:3      | Slain by an adder

Vault maps used:
D:1:      lemuel_arrival_funnel, st_stairs_1
D:2:      lemuel_crystal_altar, minmay_tall_x
D:3:      uniq_ijyb

Skill      XL: |  1  2  3  4 |
---------------+-------------+-----
Conjurations   | 1 |  1.3
Maces & Flails | 1 |  1.2
Spellcasting   | 5 |  5.0
Fighting       | 1 |  1.0
Armour         | |  0.4
Dodging        | |  1.8
Stealth        | |  1.8
Summonings     | |  0.7
Translocations | |  0.7

Action                   |  1- 3 |  4- 6 || total
-------------------------+-------+-------++-------
Melee: Mace              |   102 |    28 ||   130
 Cast: Magic Dart        |    26 |     5 ||    31
 Stab: Sleeping          |       |     1 ||     1
Armor: Leather armour    |    64 |    15 ||    79
Dodge: Dodged            |   114 |    38 ||   152

Table legend:
 A = Spawn XP
 B = Non-spawn XP
 C = Spawn XP percentage of total XP
 D = Spawn monster count
 E = Non-spawn monster count
 F = Spawn count percentage of total count
 G = Total turns spent on level
                    A         B        C        D         E        F      G
               +---------+---------+-------+---------+---------+-------+---------
         Total |       0 |     130 |   0.0 |       0 |      36 |   0.0 |  2537
               +---------+---------+-------+---------+---------+-------+---------
           D:1 |       0 |      13 |   0.0 |       0 |       8 |   0.0 |   807
           D:2 |       0 |     116 |   0.0 |       0 |      27 |   0.0 |  1711
           D:3 |       0 |       1 |   0.0 |       0 |       1 |   0.0 |    19
               +---------+---------+-------+---------+---------+-------+---------
